 Dungeon Crawl Stone Soup version 0.20.0-15-g7f486f2 (webtiles) character file.

1225 viledemon the Summoner (level 8, -5/41 HPs)
             Began as a Deep Elf Summoner on June 14, 2017.
             Was a Believer of Sif Muna.
             Killed by divine providence
             ... invoked by an orc priest
              (15 damage)
             ... on level 7 of the Dungeon.
             The game lasted 00:31:21 (5126 turns).

viledemon the Summoner (Deep Elf Summoner)          Turns: 5126, Time: 00:31:21

Health: -5/41      AC:  5    Str:  7    XL:     8   Next: 23%
Magic:  13/22      EV: 14    Int: 23    God:    Sif Muna [**....]
Gold:   264        SH:  0    Dex: 17    Spells: 10/23 levels left

rFire    x . .     SeeInvis .   k - staff of summoning
rCold    + . .     Gourm    .   (no shield)
rNeg     . . .     Faith    .   a - +0 robe
rPois    .         Spirit   .   (helmet restricted)
rElec    .         Reflect  .   C - +0 cloak
rCorr    .         Harm     .   (no gloves)
MR       +++..                  (no boots)
Stlth    +++.......             (no amulet)
Regen    0.2/turn               e - ring of protection from magic
MPRegen  0.2/turn               f - ring of ice

@: very slightly contaminated
A: horns 1, icy blue scales 1, agile 1, magic resistance 2, strong 1, wild magic
1
a: Divine Energy, Renounce Religion


You were on level 7 of the Dungeon.
You worshipped Sif Muna.
Sif Muna was pleased with you.
You were not hungry.

You visited 1 branch of the dungeon, and saw 7 of its levels.

You collected 264 gold pieces.

Inventory:

Hand Weapons
 h - a +0 dagger
 m - a +2 whip of electrocution
 x - a +0 dagger of venom
 z - a +0 short sword of speed
 A - a +0 whip of flaming
 B - a +3 quarterstaff of chaos
Armour
 a - a +0 robe (worn)
 r - a +0 leather armour of poison resistance
 s - a +0 robe
 C - a +0 cloak (worn)
Magical Staves
 k - an uncursed staff of summoning (weapon)
Jewellery
 e - a ring of protection from magic (left hand)
 f - a ring of ice (right hand)
 q - an uncursed ring of resist corrosion
Wands
 j - a wand of acid (2/15)
 t - a wand of digging (20/24)
Scrolls
 i - 5 scrolls of teleportation
 o - a scroll of amnesia
 w - 3 scrolls of remove curse
 y - 2 scrolls of identify
Potions
 d - 2 potions of degeneration
 n - a potion of heal wounds
 p - a potion of invisibility
 E - 2 potions of lignification
Books
 b - a book of Callings

   Spells                             Type                      Level
   a - Summon Small Mammal            Summoning                    1
   b - Call Imp                       Summoning                    2
   c - Call Canine Familiar           Summoning                    3
   d - Summon Guardian Golem          Hexes/Summoning              3
   e - Summon Lightning Spire         Summoning/Air                4
   f - Summon Ice Beast               Ice/Summoning                4
Comestibles
 c - 5 bread rations
 g - 3 meat rations
 l - 5 royal jellies
 u - 4 fruits
 v - 2 chunks of flesh


   Skills:
 + Level 0.6 Short Blades
 + Level 0.4 Staves
 + Level 3.4 Dodging
 + Level 3.6 Stealth
 + Level 8.3 Spellcasting
 + Level 8.5 Summonings
 + Level 2.4 Air Magic


You had 10 spell levels left.
You knew the following spells:

 Your Spells              Type           Power        Failure   Level  Hunger
a - Summon Small Mammal   Summ           ####         1%          1    None
b - Call Imp              Summ           #######.     1%          2    None
c - Call Canine Familiar  Summ           #######.     1%          3    None
d - Summon Lightning Spi  Summ/Air       ######..     11%         4    ##.....
e - Summon Guardian Gole  Hex/Summ       ######..     6%          3    None


Dungeon Overview and Level Annotations

Branches:
Dungeon (7/15)
 Temple: D:4-7

Altars:
Fedhas
Hepliaklqana
Okawaru
Sif Muna
Xom
Zin


Innate Abilities, Weirdness & Mutations

You have a pair of small horns on your head.
You are partially covered in icy blue scales. (AC +2)
You are agile. (Dex +2)
You are highly resistant to hostile enchantments. (MR++)
Your muscles are strong. (Str +2)
Your spells are a little harder to cast, but a little more powerful.


Message History

You feel a bit more experienced.
The bolt of electricity hits the orc.
The orc dies!
Sif Muna accepts your kill.
A bolt of electricity appears from out of your range of vision.
There is a stone staircase leading up here.
You swap places.
What are your orders? t - Shout!
Orders for allies: a - Attack new target. r - Retreat! s - Stop attacking. g - Guard the area. f - Follow me.
Anything else - Cancel.
Gang up on whom?
Press: ? - help, Dir - move target cursor, f - orc priest
Aim: an orc priest, wielding a club Attack!
You swap places.
The orc priest mumbles some strange prayers to Beogh against you.
Beogh smites you!
You die...

..............[....
.
#............)....
.#..
##.................
....
#..................
....#
#.##...>####.......
#...#####.##.##.#
#.......
###..#.......##.#
#.......
#......###<####.#
........ #..oh..@#
#.# .........
..#####)###### #.#
........#
........## #..
........#
#######..## ##.
##.o## ###..
##o.####......
##.(.)..#
#...)8####
#...###o#


You could see an orc priest and a friendly warg.

Vanquished Creatures
  A goblin (D:1)
  A hobgoblin (D:2)
  2 bats (D:2)
  A frilled lizard (D:2)
  2 rats (D:2)
7 creatures vanquished.

Vanquished Creatures (collateral kills)
  Pikel (D:6)
  Grinder (D:6)
  Menkaure (D:6)
  An orc warrior (D:7)
  A slave (D:6)
  A black bear (D:5)
  A phantom (D:7)
  2 sky beasts (D:6)
  3 ogres (D:4)
  A centaur (D:5)
  A bullfrog (D:6)
  A water moccasin skeleton (D:4)
  2 scorpions
  A crimson imp (D:5)
  2 orc priests (D:5)
  A gnoll shaman (D:7)
  A hound (D:7)
  A bullfrog skeleton (D:5)
  4 orc wizards
  4 worker ants
  8 gnolls
  4 adders
  An ooze (D:4)
  An adder zombie (D:5)
  3 worms
  A dart slug (D:4)
  5 leopard geckos
  19 orcs
  5 bats
  3 giant cockroaches
  7 goblins
  3 hobgoblins
  5 jackals
  2 quokkas
  2 ball pythons
  2 frilled lizards
  6 kobolds
  2 leopard gecko skeletons (D:4)
  A leopard gecko zombie (D:7)
  3 quokka skeletons
  8 rats
122 creatures vanquished.

Vanquished Creatures (others)
  A slave (D:6)
  Crazy Yiuf (D:6)
  A hound skeleton (D:6)
  A frilled lizard (D:6)
4 creatures vanquished.

Grand Total: 133 creatures vanquished

Notes
Turn   | Place    | Note
-------+----------+-------------------------------------------
     0 | D:1      | viledemon the Deep Elf Summoner began the quest for the Orb.
     0 | D:1      | Reached XP level 1. HP: 10/10 MP: 6/6
   370 | D:1      | Reached XP level 2. HP: 3/15 MP: 1/8
   734 | D:1      | Learned a level 2 spell: Call Imp
  1402 | D:2      | Reached XP level 3. HP: 19/19 MP: 8/10
  1407 | D:2      | Learned a level 3 spell: Call Canine Familiar
  1411 | D:2      | Found a blossoming altar of Fedhas.
  1411 | D:2      | Found a hazy altar of Hepliaklqana.
  1844 | D:3      | Noticed an angel
  1846 | D:3      | Found a shimmering altar of Xom.
  1848 | D:3      | Found a glowing silver altar of Zin.
  1895 | D:3      | Reached skill level 5 in Summonings
  2064 | D:3      | Reached XP level 4. HP: 16/24 MP: 9/12
  2577 | D:4      | Noticed an ogre
  2590 | D:4      | Killed an ogre
  2684 | D:4      | Learned a level 4 spell: Summon Lightning Spire
  2767 | D:4      | Found a deep blue altar of Sif Muna.
  2770 | D:4      | Became a worshipper of Sif Muna the Loreminder
  2853 | D:4      | Noticed an ogre
  2858 | D:4      | Killed an ogre
  2858 | D:4      | Reached XP level 5. HP: 28/28 MP: 5/14
  2969 | D:4      | Reached skill level 5 in Spellcasting
  3038 | D:4      | Noticed an ogre
  3045 | D:4      | Killed an ogre
  3217 | D:5      | Entered Level 5 of the Dungeon
  3238 | D:5      | Reached XP level 6. HP: 32/32 MP: 7/16
  3507 | D:5      | Reached skill level 1 in Air Magic
  3511 | D:5      | Found a blossoming altar of Fedhas.
  3614 | D:5      | Gained mutation: You are partially covered in icy blue scales. (AC +2) [potion of mutation]
  3614 | D:5      | Gained mutation: Your muscles are strong. (Str +2) [potion of mutation]
  3614 | D:5      | Gained mutation: You have a pair of small horns on your head. [potion of mutation]
  3614 | D:5      | Gained mutation: You are resistant to hostile enchantments. (MR+) [potion of mutation]
  4005 | D:6      | Reached * piety under Sif Muna
  4041 | D:6      | Noticed a sky beast
  4051 | D:6      | Killed a sky beast
  4065 | D:6      | Noticed a sky beast
  4073 | D:6      | Noticed Grinder
  4073 | D:6      | Killed a sky beast
  4073 | D:6      | Reached XP level 7. HP: 36/36 MP: 14/18
  4082 | D:6      | Killed Grinder
  4118 | D:6      | Gained mutation: You are agile. (Dex +2) [mutagenic meat]
  4119 | D:6      | Gained mutation: Your spells are a little harder to cast, but a little more powerful. [mutagenic meat]
  4120 | D:6      | Gained mutation: You are highly resistant to hostile enchantments. (MR++) [mutagenic meat]
  4155 | D:6      | Found a runed door.
  4159 | D:6      | Noticed Crazy Yiuf
  4159 | D:6      | Noticed Pikel
  4186 | D:6      | Killed Pikel
  4190 | D:6      | Killed Crazy Yiuf
  4299 | D:6      | Found an iron altar of Okawaru.
  4362 | D:6      | Noticed Menkaure
  4373 | D:6      | Killed Menkaure
  4428 | D:6      | Reached ** piety under Sif Muna
  4480 | D:6      | Reached XP level 8. HP: 27/41 MP: 18/21
  4993 | D:7      | Learned a level 3 spell: Summon Guardian Golem
  5126 | D:7      | Killed from afar by an orc priest

Skill      XL: |  1  2  3  4  5  6  7  8 |
---------------+-------------------------+-----
Summonings     | 5 6 8 |  8.5
Spellcasting   | 4 5 6 7 8 |  8.3
Dodging        | 3 |  3.4
Stealth        | 3 |  3.6
Air Magic      | 1 2 |  2.4
Short Blades   | |  0.6
Staves         | |  0.4

Action                   |  1- 3 |  4- 6 |  7- 9 || total
-------------------------+-------+-------+-------++-------
Melee: Unarmed           |     4 |       |       ||     4
       Dagger            |    16 |       |       ||    16
       Staff             |    18 |    12 |     1 ||    31
 Cast: Summon Small Mamm |    29 |     1 |     5 ||    35
       Call Imp          |    15 |    16 |       ||    31
       Call Canine Famil |     5 |    13 |    10 ||    28
       Summon Lightning  |       |     5 |     8 ||    13
       Summon Guardian G |       |       |     1 ||     1
  Use: Scroll            |     4 |     4 |     2 ||    10
       Potion            |     3 |     4 |     4 ||    11
 Stab: Sleeping          |     3 |       |       ||     3
  Eat: Chunk             |     5 |     7 |     7 ||    19
Armor: Robe              |    13 |     2 |     3 ||    18
Dodge: Dodged            |    31 |    18 |    12 ||    61
